 Dungeon Crawl Stone Soup version 0.25-a0-591-g2ad0d861f1 (webtiles) character file.

Game seed: 8415466301713983299, levelgen mode: deterministic

767 Eurus the Insei (level 7, -1/47 (48) HPs)
             Began as a Demonspawn Transmuter on Mar 14, 2020.
             Slain by a centaur (5 damage)
             ... on level 6 of the Dungeon.
             The game lasted 00:13:14 (5447 turns).

Eurus the Insei (Demonspawn Transmuter)             Turns: 5447, Time: 00:13:15

HP:   -1/47 (48)    AC:  8    Str: 11      XL:     7   Next: 52%
MP:   13/13         EV: 14    Int: 15      God:
Gold: 343           SH:  0    Dex: 13 (14) Spells: 11/14 levels left

rFire    . . .     SeeInvis .     - Unarmed
rCold    + . .     Gourm    .   (no shield)
rNeg     . . .     Faith    .   b - +0 robe
rPois    .         Spirit   .   A - +2 helmet
rElec    .         Reflect  .   (no cloak)
rCorr    .         Harm     .   c - +0 pair of gloves
MR       .....                  (boots currently unavailable)
Stlth    +.........             (no amulet)
HPRegen  0.15/turn              (no ring)
MPRegen  0.13/turn              (no ring)

@: lethally poisoned (-1 -> -8), appendage (expiring)
A: talons 3, slimy green scales 1, cold resistance 1, spiny 1
a: End Transformation


You were on level 6 of the Dungeon.
You were not hungry.
You had grown temporary talons.
You visited 2 branches of the dungeon, and saw 7 of its levels.

You collected 343 gold pieces.

Inventory:

Missiles
 a - 30 arrows
Armour
 b - a +0 robe (worn)
 c - a +0 pair of gloves (worn)
 m - a +0 hat
 o - a +1 ring mail of poison resistance
 A - a +2 helmet (worn)
Jewellery
 s - a +2 ring of dexterity {unknown}
Wands
 y - a wand of iceblast (5)
Scrolls
 e - 4 scrolls of blinking {unknown}
 f - 2 scrolls of teleportation {unknown}
 g - 2 scrolls of random uselessness {unknown}
 l - 8 scrolls of identify {unknown}
 n - a scroll of enchant weapon {unknown}
 p - a scroll of magic mapping {unknown}
 q - 2 scrolls of amnesia {unknown}
 t - a scroll of noise {unknown}
 u - a scroll of fog {unknown}
 w - a scroll of remove curse {unknown}
 x - a scroll of immolation {unknown}
 z - a scroll of brand weapon {unknown}
Potions
 h - 5 potions of curing {unknown}
 i - 2 potions of lignification {unknown}
 j - a potion of resistance {unknown}
 k - a potion of ambrosia {unknown}
 r - a potion of heal wounds {unknown}
 v - 2 potions of haste {unknown}
 B - a potion of brilliance {unknown}
 C - 2 potions of invisibility {unknown}
Comestibles
 d - 11 rations
 D - 18 chunks of flesh


   Skills:
 - Level 1.1 Fighting
 + Level 4.0 Dodging
 + Level 4.9 Unarmed Combat
 + Level 4.2 Spellcasting
 + Level 4.0 Transmutations


You had 11 spell levels left.
You knew the following spells:

 Your Spells              Type           Power        Failure   Level  Hunger
a - Beastly Appendage     Tmut           ###...       3%          1    None
b - Sticks to Snakes      Tmut           ###.....     5%          2    ##.....

Your spell library contained the following spells:

 Spells                   Type           Power        Failure   Level  Hunger
 Spider Form              Tmut/Pois      #.........   24%         3    ###....
 Confusing Touch          Hex            #.......     47%         3    ###....
 Gell's Gravitas          Tloc           #.........   47%         3    ###....
 Ice Form                 Ice/Tmut       #.......     61%         4    ####...
 Petrify                  Tmut/Erth      #.......     61%         4    ####...
 Blade Hands              Tmut           ###.......   67%         5    ######.
 Yara's Violent Unravell  Hex/Tmut       #.........   91%         5    ######.
 Metabolic Englaciation   Hex/Ice        #.........   99%         5    ######.


Dungeon Overview and Level Annotations

Branches:
Dungeon (6/15)             Temple (1/1) D:5

Altars:
Ashenzari
Dithmenos
Elyvilon
Fedhas
Gozag
Hepliaklqana
Kikubaaqudgha
Makhleb
Okawaru
Ru
Sif Muna
Trog
Vehumet
Wu Jian
Xom
Yredelemnul
Zin
The Shining One

Shops:
D:5 %?**}

Annotations:
D:5 1 runed translucent door, Laze's ghost, amateur DsAK


Innate Abilities, Weirdness & Mutations

You are partially covered in slimy green scales. (AC +2)
Your flesh is cold resistant. (rC+)
You are partially covered in sharp spines.
You have claws for feet.


Message History

You hit the worker ant.
You claw the worker ant, but do no damage.
The worker ant is almost dead.
You feel sick.
The centaur shoots an arrow.
The arrow barely misses you.
The worker ant is struck by your spines.
You kill the worker ant!
Your Transmutations skill increases to level 4!
The centaur shoots an arrow.
The arrow completely misses you.
You feel sick.
The centaur shoots an arrow.
The arrow hits you!
* * * LOW HITPOINT WARNING * * *
You see here an arrow.
* * * LOW HITPOINT WARNING * * *
You feel sick.
The centaur unwields a +0 shortbow.
The centaur hits you.
* * * LOW HITPOINT WARNING * * *
You hit the centaur. Your kick misses the centaur.
The centaur is lightly wounded.
Your transformation is almost over.
* * * LOW HITPOINT WARNING * * *
You feel sick. The centaur is struck by your spines. The centaur hits you.
You die...

.. #.. .#..... .. #..
.......###.# #..#####..
........##.# #.........
.....(...#.####.........
.........#..............
...........<###.........
......c...#))##.........
.......@.....##.######..
........(...............
........†(.......######.
.........#(#.....# ##
.........#.#.....### #
.........#.#.......##
.........#..........#
........####........#
......#####.....#..#


You could see a centaur.

Vanquished Creatures
  A necrophage (D:6)
  A centaur (D:5)
  A bullfrog zombie (D:6)
  A crimson imp (D:5)
  A quasit (D:6)
  3 hounds
  An orc wizard (D:4)
  A bullfrog skeleton (D:5)
  An orc priest (D:4)
  5 worker ants
  A gnoll (D:3)
  5 adders
  A shadow imp (D:5)
  An ooze (D:3)
  2 adder skeletons (D:4)
  3 worms (D:2)
  4 dart slugs
  2 leopard geckos
  17 orcs
  2 ball pythons (D:1)
  6 giant cockroaches
  9 goblins
  9 hobgoblins
  12 jackals
  11 kobolds
  A quokka (D:2)
  7 bats
  3 frilled lizards
  A jackal skeleton (D:5)
  A quokka zombie (D:5)
  4 rats
118 creatures vanquished.

Notes
Turn   | Place    | Note
-------+----------+-------------------------------------------
     0 | D:1      | Eurus the Demonspawn Transmuter began the quest for the
                  | Orb.
     0 | D:1      | Reached XP level 1. HP: 15/15 MP: 3/3
   395 | D:1      | Gained mutation: You are partially covered in sharp spines.
                  | [demonic ancestry]
   395 | D:1      | Reached XP level 2. HP: 21/21 MP: 3/5
   792 | D:2      | Found a white marble altar of Elyvilon.
   808 | D:2      | Reached XP level 3. HP: 19/26 MP: 4/6
  1320 | D:2      | Found a faded altar of an unknown god.
  1385 | D:2      | Learned a level 2 spell: Sticks to Snakes
  1932 | D:2      | Reached XP level 4. HP: 32/32 MP: 7/7
  2861 | D:3      | Reached XP level 5. HP: 35/37 MP: 7/9
  3666 | D:4      | Gained mutation: You are partially covered in slimy green
                  | scales. (AC +2) [demonic ancestry]
  3666 | D:4      | Reached XP level 6. HP: 26/43 MP: 9/11
  3933 | D:4      | Found a white marble altar of Elyvilon.
  4226 | D:5      | Entered Level 5 of the Dungeon
  4510 | D:5      | Found Mihepote's General Store.
  4583 | D:5      | Found a staircase to the Ecumenical Temple.
  4606 | D:5      | Found Wahytuf's Magic Scroll Shop.
  4611 | Temple   | Entered the Ecumenical Temple
  4858 | D:5      | Found Tauffid's Food Shoppe.
  4972 | D:5      | Gained mutation: Your flesh is cold resistant. (rC+)
                  | [demonic ancestry]
  4972 | D:5      | Reached XP level 7. HP: 43/48 MP: 10/12
  4979 | D:5      | Found Fifewoyn's Gadget Boutique.
  4981 | D:5      | Found a runed translucent door.
  4990 | D:5      | Found Gozag's Platinum Reserve.
  4992 | D:5      | Noticed Laze's ghost (amateur DsAK)
  4995 | D:5      | Found an opulent altar of Gozag.
  5051 | D:5      | Found a radiant altar of Vehumet.
  5447 | D:6      | Slain by a centaur

Levels and vault maps discovered:
D:1:      lemuel_arrival_hallway, layout_rooms
D:2:      layout_basic, chequers_ecumenical_altar_simple, elyvilon_altar_1
D:3:      cheibrodos_helix_gallery, layout_loops_corners, cheibrodos_gnoll_hut
D:4:      layout_basic, lemuel_doored_altar, first_ration
D:5:      layout_cave_pools, nicolae_gozag_zags_fifth_avenue, vehumet_crystals,
          minmay_temple_entry_wispy, serial_shops, shop_scrolls, shop, shop,
          shop, ebering_ghost_sewer_d
D:6:      layout_rooms, grunt_temple_overflow_open, supply_closet_lemuel,
          yredelemnul_altar_generic
Temple:   regret_index_temple_generic_petals

Skill      XL: |  1  2  3  4  5  6  7 |
---------------+----------------------+-----
Unarmed Combat | 3 4 |  4.9
Dodging        | 2 3 4 |  4.0
Transmutations | 2 3 4 |  4.0
Spellcasting   | 3 4 |  4.2
Fighting       | |  1.1

Action                   |  1- 3 |  4- 6 |  7- 9 || total
-------------------------+-------+-------+-------++-------
Melee: Unarmed           |   112 |   162 |    52 ||   326
       Kick              |     8 |    17 |    13 ||    38
       Headbutt          |     5 |     8 |       ||    13
       Punch             |       |     2 |     2 ||     4
 Cast: Beastly Appendage |    19 |    20 |     7 ||    46
 Stab: Sleeping          |     1 |     3 |       ||     4
  Eat: Chunk             |     4 |     4 |       ||     8
       Ration            |       |     1 |     1 ||     2
Armor: Robe              |    34 |    22 |    24 ||    80
Dodge: Dodged            |    61 |   100 |    48 ||   209

Table legend:
 A = Non-vault XP
 B = Vault XP
 C = Vault XP percentage of total XP
 D = Non-vault monster count
 E = Vault monster count
 F = Vault count percentage of total count
                 A         B        C        D         E       F
            +---------+---------+-------+---------+---------+-------
      Total |     994 |     103 |   9.4 |     113 |       5 |   4.2
            +---------+---------+-------+---------+---------+-------
        D:1 |      30 |       0 |   0.0 |      18 |       0 |   0.0
        D:2 |      67 |       0 |   0.0 |      24 |       0 |   0.0
        D:3 |     100 |     103 |  50.7 |      30 |       5 |  14.3
        D:4 |     198 |       0 |   0.0 |      13 |       0 |   0.0
        D:5 |     305 |       0 |   0.0 |      17 |       0 |   0.0
        D:6 |     294 |       0 |   0.0 |      11 |       0 |   0.0
            +---------+---------+-------+---------+---------+-------
